 Dungeon Crawl Stone Soup version 0.19-a0-1498-g0b85ae9 (webtiles) character file.

61957 puppykicker the Destroyer (level 15, -20/88 HPs)
             Began as a Gargoyle Air Elementalist on Sept 10, 2016.
             Was an Elder of Vehumet.
             Hit by a large rock thrown by a stone giant (34 damage)
             ... on level 2 of the Orcish Mines.
             The game lasted 02:49:33 (34480 turns).

puppykicker the Destroyer (GrAE)                   Turns: 34480, Time: 02:49:33

Health: -20/88     AC: 25    Str: 17    XL:     15   Next: 4%
Magic:  24/30      EV: 15    Int: 20    God:    Vehumet [****..]
Gold:   362        SH:  0    Dex: 10    Spells: 12 memorised, 2 levels left

rFire  + . .     SeeInvis .     a - +2 quarterstaff (speed)
rCold  . . .     Gourm    .     M - +2 leather armour {rF+}
rNeg   + . .     Faith    .     (shield currently unavailable)
rPois  ∞         Spirit   .     o - +2 helmet
rElec  +         Dismiss  .     m - +0 cloak
rCorr  .         Reflect  .     W - +2 pair of gloves {Str+3}
MR     +....     Harm     .     r - +0 pair of boots
Stlth  ++........               K - amulet of rage
                                s - +1 ring of evasion
                                x - +1 ring of protection

@: flying
A: big wings, negative energy resistance 1, electricity resistance, unbreathing,
petrification resistance, rot immunity, AC +11
a: Stop Flying, Renounce Religion, Evoke Berserk Rage


You were on level 2 of the Orcish Mines.
You worshipped Vehumet.
Vehumet was greatly pleased with you.
You were not hungry.

You visited 4 branches of the dungeon, and saw 20 of its levels.
You also visited: Bailey and Volcano.

You collected 1286 gold pieces.
You spent 924 gold pieces at shops.


Innate Abilities, Weirdness & Mutations

You are resistant to torment.
Your stone body is resilient. (AC +11)
You are immune to poison.
Your large and strong wings let you fly indefinitely.
You resist negative energy. (rN+)
You are resistant to electric shocks. (rElec)
You can survive without breathing.
You are immune to petrification.
You are immune to rotting.


   Skills:
 + Level 8.1 Fighting
 - Level 6.0 Staves
 + Level 2.5 Armour
 + Level 5.8 Dodging
 - Level 2.1 Stealth
 - Level 11.5 Spellcasting
 - Level 13.3 Conjurations
 - Level 4.0 Charms
 - Level 1.3 Summonings
 + Level 2.0 Translocations
 - Level 10.1 Fire Magic
 - Level 9.0 Air Magic
 - Level 2.4 Evocations


You had 2 spell levels left.
You knew the following spells:

 Your Spells              Type           Power        Failure   Level  Hunger
a - Shock                 Conj/Air       ####         1%          1    None
b - Mephitic Cloud        Conj/Pois/Air  #####...     1%          3    None
c - Static Discharge      Conj/Air       ######..     1%          3    None
d - Airstrike             Air            #####.....   1%          4    #......
e - Fireball              Conj/Fire      ######....   1%          5    ####...
f - Lightning Bolt        Conj/Air       ######....   1%          5    ####...
g - Apportation           Tloc           ###.......   3%          1    None
l - Repel Missiles        Chrm/Air       #####.       1%          2    None
p - Blink                 Tloc           N/A          6%          2    None
w - Conjure Ball Lightni  Conj/Air       ######....   3%          6    ######.
x - Summon Butterflies    Summ           ###.....     4%          1    None
F - Delayed Fireball      Conj/Fire      N/A          16%         7    #######

Inventory:

Hand Weapons
 a - a +2 quarterstaff of speed (weapon)
Missiles
 A - a throwing net (quivered)
Armour
 m - a +0 cloak (worn)
 o - a +2 helmet (worn)
 r - a +0 pair of boots (worn)
 M - a +2 leather armour of fire resistance (worn)
 W - a +2 pair of gloves of strength (worn)
Jewellery
 s - a +1 ring of evasion (right hand)
 x - a +1 ring of protection (left hand)
 K - an amulet of rage (around neck)
 L - an uncursed ring of protection from fire
 U - an uncursed ring of see invisible
Wands
 c - a wand of disintegration (0/24)
 D - a wand of enslavement (13/24)
 I - a wand of paralysis (7/24)
 J - a wand of hasting (4/9) {!d}
 P - a wand of confusion (39/48)
 R - a wand of disintegration (7/24)
Scrolls
 g - a scroll of identify
 k - 2 scrolls of recharging
 n - a scroll of teleportation
 u - 2 scrolls of amnesia
 v - a scroll of silence
 H - 4 scrolls of remove curse
Potions
 b - a potion of heal wounds
 e - 3 potions of lignification {!q}
 f - 2 potions of resistance
 i - 3 potions of curing
 j - 2 potions of ambrosia
 l - 2 potions of brilliance
 p - a potion of haste
 z - 3 potions of cancellation
 C - a potion of invisibility
 G - 2 potions of magic
 N - a potion of berserk rage
 V - 2 potions of agility
Miscellaneous
 w - a phial of floods
 y - a box of beasts
Comestibles
 d - 3 chunks of flesh {@w1}
 q - 6 bread rations
 Q - 8 royal jellies

Dungeon Overview and Level Annotations

Branches:
Dungeon (12/15)            Temple (1/1) D:7            Lair (6/6) D:10
 Shoals (0/4) Lair:3        Snake (0/4) Lair:4        Slime (0/5) Lair:6
    Orc (2/2) D:10
    Elf: Orc:2

Altars:
Ashenzari
Cheibriados
Dithmenos
Elyvilon
Fedhas
Gozag
Hepliaklqana
Kikubaaqudgha
Makhleb
Nemelex Xobeh
Okawaru
Qazlal
Ru
Trog
Uskayaw
Vehumet
Xom
Yredelemnul
Zin
The Shining One

Shops:
D:5 :   D:7 (   D:8 *   D:9 *   D:10 *[[   D:11 (   D:12 :

Annotations:
D:3 Sigmund
D:12 drugrobin's ghost, journeyman DgWr

##.#.....#...
............
##...........
#..........[.
##.......[...
#.......[....
#...[).......
#...))[......
#..((@[......
##...(.......
##...(.......
#....[.......
#............
##...........
#...........
#...C........
##......#...$


You could see a stone giant.


Message History

Items here: )) [[ † a battleaxe; a plate armour x2; a long sword; an orc corpse You butcher the orc corpse.
d - 3 chunks of flesh {@w1}
Items here: )) [[ a battleaxe; a plate armour x2; a long sword
Things that are here:
a chain mail; a short sword You see here a giant club.
You see here 3 tomahawks.
Things that are here:
a robe; a dagger of speed A stone giant comes into view.
The stone giant shouts!
The stone giant throws a large rock.
The large rock hits you!!
Things that are here:
a large rock; 3 tomahawks
Things that are here:
a plate armour; a bardiche The stone giant throws a large rock.
The large rock hits you!!
* * * LOW HITPOINT WARNING * * *
Things that are here:
2 large rocks; 3 tomahawks The stone giant throws a large rock.
The large rock hits you!
* * * LOW HITPOINT WARNING * * *
Things that are here:
a large rock; a robe; a dagger of speed
There is a stone staircase leading up here.
The stone giant throws a large rock.
The large rock hits you!!
You die...

Action                   |  1- 3 |  4- 6 |  7- 9 | 10-12 | 13-15 || total
-------------------------+-------+-------+-------+-------+-------++-------
Melee: Unarmed           |    17 |       |       |       |       ||    17
       Dagger            |    15 |    29 |   168 |    13 |       ||   225
       Spear             |       |    20 |       |       |       ||    20
       Trident           |       |    56 |     3 |     2 |       ||    61
       Quarterstaff      |       |       |       |   405 |   365 ||   770
 Cast: Shock             |    66 |    85 |   125 |   274 |   142 ||   692
       Repel Missiles    |     1 |     2 |     2 |       |       ||     5
       Static Discharge  |       |    16 |    34 |   170 |   138 ||   358
       Lightning Bolt    |       |       |       |    68 |    67 ||   135
       Fireball          |       |       |       |    25 |   129 ||   154
       Conjure Ball Ligh |       |       |       |       |     4 ||     4
       Delayed Fireball  |       |       |       |       |     4 ||     4
       Blink             |       |       |       |       |    18 ||    18
       Airstrike         |       |       |       |       |     6 ||     6
       Summon Butterflie |       |       |       |       |     2 ||     2
       Mephitic Cloud    |       |       |       |       |     1 ||     1
 Abil: Release Delayed F |       |       |       |       |     4 ||     4
       Fly               |       |       |       |       |     1 ||     1
Evoke: Wand              |       |       |       |     8 |     4 ||    12
       Phial of floods   |       |       |       |     1 |     1 ||     2
  Use: Scroll            |     1 |       |    16 |    11 |    13 ||    41
       Potion            |       |     3 |       |     6 |     5 ||    14
 Stab: Sleeping          |       |     2 |     8 |     1 |     1 ||    12
       Petrified         |       |       |       |     1 |     3 ||     4
       Petrifying        |       |       |       |     1 |       ||     1
       Confused          |       |       |       |       |     1 ||     1
       Paralysed         |       |       |       |       |     8 ||     8
  Eat: Chunk             |     3 |     8 |     8 |    37 |    41 ||    97
       Meat ration       |       |     1 |     2 |     3 |       ||     6
       Fruit             |       |       |     1 |    10 |     3 ||    14
       Beef jerky        |       |       |       |     4 |     2 ||     6
       Bread ration      |       |       |       |     2 |     5 ||     7
       Pizza             |       |       |       |     1 |     1 ||     2
       Royal jelly       |       |       |       |       |     7 ||     7
Armor: Robe              |    25 |    51 |   114 |   287 |    42 ||   519
       Leather armour    |       |    36 |       |       |   233 ||   269
       Skin              |       |       |       |    53 |       ||    53
Dodge: Dodged            |    51 |   152 |   150 |   396 |   378 ||  1127
       Deflected         |     1 |     2 |     5 |     8 |     1 ||    17

Vault maps used:
D:1:      roderic_octagonal_star, minmay_misc_feat_x
D:2:      moated_statue, minmay_newt_pond
D:3:      first_bread, grunt_decor_mini_mirrors, serial_park_tiny_1,
          uniq_sigmund, uniq_crazy_yiuf_cottage
D:4:      serial_forest, infiniplex_forest_clump_small,
          infiniplex_forest_clump_double, infiniplex_forest_end_1,
          infiniplex_forest_straight_4, infiniplex_forest_straight_1,
          infiniplex_forest_straight_2, infiniplex_forest_corner_1,
          infiniplex_forest_clump_cross, infiniplex_forest_clump_C, minivault_1,
          uniq_purgy, uniq_eustachio, uniq_blork_the_orc
D:5:      serial_shops, shop_statue,
          nicolae_gozag_cash_rules_everything_around_me
D:7:      serial_shops, shop, basic_altar
D:8:      minmay_klotski, serial_shops, kennysheep_mini
D:9:      nicolae_overflow_crystal_walls, lemuel_round_altar, serial_shops,
          kennysheep_little_box, enter_bailey_2, statue_in_the_mist_lemuel
D:10:     grunt_lair_entry_orc_guard_hut, serial_shops, shop,
          nicolae_shop_window_shopping, nicolae_shop_overgrown_old_shop
D:11:     serial_shops, nicolae_shop_trees
D:12:     serial_shops, shop_fountains
Temple:   dpeg_five_rooms_temple
Lair:1:   st_stairs_10, grunt_forest_stairs_basic, lemuel_fruit_fields,
          lemuel_fruit_fields, lemuel_fruit_fields
Lair:2:   minivault_29
Lair:3:   elwin_shoals_entry_rocks
Lair:4:   minmay_snake_entry_guardpost_medium, nicolae_volcano_entry_batcave,
          portal_ice_cave_entry_ice_beasts, basic_altar, serial_bayou_shore_a
Lair:5:   nicolae_quartered_pool_little
Lair:6:   grunt_lair_end_beastmaster, minmay_slime_entry_pillars
Orc:1:    basic_altar
Orc:2:    grunt_orc_gardens, grunt_orc_garden, grunt_orc_garden,
          grunt_orc_garden, grunt_orc_garden, basic_altar
Bailey:   bailey_axe_1, bailey
Volcano:  volcano_lake

Notes
Turn   | Place    | Note
-------+----------+-------------------------------------------
     0 | D:1      | puppykicker the Gargoyle Air Elementalist began the quest for the Orb.
     0 | D:1      | Reached XP level 1. HP: 10/10 MP: 3/3
   415 | D:1      | Reached XP level 2. HP: 16/16 MP: 0/5
   438 | D:1      | Learned a level 2 spell: Repel Missiles
   515 | D:1      | Learned a level 2 spell: Swiftness
   962 | D:1      | Reached skill level 2 in Conjurations
  1075 | D:1      | Reached XP level 3. HP: 20/20 MP: 1/6
  1594 | D:2      | Reached skill level 1 in Fighting
  1714 | D:2      | Reached XP level 4. HP: 18/25 MP: 0/7
  1798 | D:2      | Learned a level 3 spell: Static Discharge
  2411 | D:3      | Noticed a giant frog
  2416 | D:3      | Identified a potion of resistance
  2429 | D:3      | Killed a giant frog
  2429 | D:3      | Reached skill level 2 in Fighting
  2429 | D:3      | Reached skill level 3 in Spellcasting
  2429 | D:3      | Reached skill level 3 in Conjurations
  2429 | D:3      | Reached skill level 3 in Air Magic
  2429 | D:3      | Reached XP level 5. HP: 8/30 MP: 1/9
  3055 | D:3      | Reached XP level 6. HP: 33/35 MP: 1/10
  3194 | D:3      | Noticed Sigmund
  3932 | D:3      | Found a runed door.
  3936 | D:3      | Noticed Crazy Yiuf
  3956 | D:3      | Killed Crazy Yiuf
  3956 | D:3      | Reached skill level 4 in Conjurations
  4491 | D:4      | Noticed Blork the orc
  4598 | D:3      | Killed Blork the orc
  4598 | D:3      | Reached skill level 1 in Staves
  4779 | D:4      | Noticed Eustachio
  4840 | D:4      | Killed Eustachio
  4840 | D:4      | Reached skill level 5 in Conjurations
  4840 | D:4      | Reached XP level 7. HP: 19/40 MP: 1/12
  4847 | D:4      | Learned a level 5 spell: Lightning Bolt
  5158 | D:4      | Reached skill level 2 in Staves
  5321 | D:4      | Reached skill level 4 in Spellcasting
  5412 | D:4      | Reached skill level 6 in Conjurations
  5412 | D:4      | Reached XP level 8. HP: 41/44 MP: 3/14
  5500 | D:4      | Reached skill level 4 in Air Magic
  5971 | D:4      | Noticed Purgy
  5979 | D:4      | Killed Purgy
  6117 | D:5      | Entered Level 5 of the Dungeon
  6140 | D:5      | Reached skill level 7 in Conjurations
  6655 | D:5      | Found Raer's Book Shop.
  6833 | D:5      | Reached skill level 5 in Spellcasting
  6891 | D:5      | You fall through a shaft for 2 floors!
  6891 | D:7      | Found a staircase to the Ecumenical Temple.
  6900 | Temple   | Entered the Ecumenical Temple
  7188 | Temple   | Became a worshipper of Vehumet
  7276 | D:7      | Reached skill level 8 in Conjurations
  7276 | D:7      | Reached XP level 9. HP: 48/48 MP: 12/16
  7395 | D:7      | Reached skill level 1 in Charms
  7395 | D:7      | Reached skill level 5 in Air Magic
  7402 | D:7      | Found a snail-covered altar of Cheibriados.
  7913 | D:7      | Reached skill level 2 in Charms
  7945 | D:7      | Found Oczokk's Weapon Emporium.
  8139 | D:7      | Reached skill level 9 in Conjurations
  8858 | D:8      | Found Ygixtueth's Assorted Antiques.
  8861 | D:8      | Bought a scroll labeled QIFOAS GIANAWO for 28 gold pieces
  8861 | D:8      | Bought a sapphire potion for 25 gold pieces
  8861 | D:8      | Bought a scroll labeled QIFOAS GIANAWO for 28 gold pieces
  8861 | D:8      | Bought a potion of heal wounds for 140 gold pieces
  9500 | D:9      | Found a flagged portal.
  9524 | D:9      | Reached * piety under Vehumet
  9524 | D:9      | Offered knowledge of Sandblast by Vehumet.
  9537 | Bailey   | Entered a bailey
  9549 | Bailey   | Noticed Nathanielran1005's ghost (journeyman FoFi)
  9613 | D:9      | Reached skill level 2 in Dodging
  9742 | D:9      | Noticed a troll
  9742 | D:9      | Noticed a cyclops
  9787 | D:9      | Killed a troll
  9787 | D:9      | Reached skill level 3 in Fighting
  9931 | D:9      | Found a sacrificial altar of Ru.
  9958 | D:9      | Found an opulent altar of Gozag.
  9965 | D:9      | Reached skill level 10 in Conjurations
  9965 | D:9      | Reached XP level 10. HP: 56/56 MP: 10/18
  9966 | D:9      | Upgraded the game from 0.19-a0-1494-gdfa627f to 0.19-a0-1498-g0b85ae9
 10071 | D:9      | Found Xoeff's Assorted Antiques.
 10210 | D:9      | Killed a cyclops
 10210 | D:9      | Reached skill level 6 in Air Magic
 10305 | D:9      | Reached skill level 3 in Charms
 10527 | D:9      | Reached skill level 6 in Spellcasting
 10534 | D:9      | Learned a level 5 spell: Fireball
 10542 | D:9      | Learned a level 7 spell: Delayed Fireball
 10652 | D:9      | Reached skill level 1 in Fire Magic
 10685 | D:10     | Entered Level 10 of the Dungeon
 10691 | D:10     | Reached skill level 2 in Fire Magic
 10722 | D:10     | Offered knowledge of Magic Dart by Vehumet.
 10806 | D:10     | Found Qabriducw's Assorted Antiques.
 10820 | D:10     | Bought a scroll labeled ESOANU UTRU for 21 gold pieces
 10820 | D:10     | Bought a runed quarterstaff for 84 gold pieces
 10820 | D:10     | Bought a lumpy white potion for 18 gold pieces
 10828 | D:10     | Reached skill level 3 in Fire Magic
 10919 | D:10     | Found a staircase to the Orcish Mines.
 11030 | D:10     | Noticed a gargoyle
 11084 | D:10     | Reached ** piety under Vehumet
 11139 | D:10     | Reached skill level 3 in Staves
 11357 | D:10     | Reached skill level 4 in Fire Magic
 11434 | D:10     | Found a staircase to the Lair.
 11462 | D:10     | Offered knowledge of Inner Flame by Vehumet.
 11474 | D:10     | Reached skill level 11 in Conjurations
 11590 | D:10     | Found Vilica's Antique Armour Shop.
 11659 | D:10     | Identified a wand of hasting
 11838 | D:10     | Found Revaq's Antique Armour Emporium.
 11862 | D:10     | Killed a gargoyle
 11872 | D:10     | Bought an embroidered robe for 20 gold pieces
 11941 | D:10     | Reached skill level 5 in Fire Magic
 11959 | D:10     | Noticed a hill giant
 12055 | D:10     | Reached XP level 11. HP: 35/60 MP: 6/20
 12056 | D:10     | Reached skill level 4 in Staves
 12078 | D:10     | HP: 6/60 [steam dragon/ball of steam (20)]
 12611 | D:11     | Found Miut's Antique Weapon Emporium.
 12659 | D:11     | Reached skill level 6 in Fire Magic
 12829 | D:11     | Reached *** piety under Vehumet
 12976 | D:11     | Noticed a hill giant
 12987 | D:11     | Killed a hill giant
 13188 | D:11     | Noticed a death knight
 13983 | D:12     | Offered knowledge of Iskenderun's Mystic Blast by Vehumet.
 14559 | D:10     | Bought a pair of embroidered gloves for 130 gold pieces
 14675 | D:12     | Noticed drugrobin's ghost (journeyman DgWr)
 14696 | D:12     | Reached skill level 7 in Fire Magic
 15322 | D:12     | Found Cess's Book Shoppe.
 15354 | D:12     | Noticed a hill giant
 15365 | D:12     | Killed a hill giant
 15659 | Lair:1   | Entered Level 1 of the Lair of Beasts
 15972 | Lair:1   | Reached skill level 7 in Air Magic
 16483 | Lair:1   | Noticed a six-headed hydra
 16513 | Lair:1   | Killed a six-headed hydra
 16513 | Lair:1   | Reached skill level 8 in Fire Magic
 16696 | Lair:1   | Noticed a seven-headed hydra
 16721 | Lair:1   | Killed a seven-headed hydra
 16721 | Lair:1   | Reached skill level 7 in Spellcasting
 16721 | Lair:1   | Reached skill level 12 in Conjurations
 16721 | Lair:1   | Reached XP level 12. HP: 58/64 MP: 9/22
 17826 | Lair:2   | Reached skill level 4 in Fighting
 17949 | Lair:2   | Reached skill level 3 in Dodging
 18066 | Lair:2   | Reached **** piety under Vehumet
 18179 | Lair:2   | Noticed a death yak
 18179 | Lair:2   | Noticed a death yak
 18195 | Lair:2   | Noticed a death yak
 18287 | Lair:1   | Killed a death yak
 18287 | Lair:1   | Offered knowledge of Conjure Flame by Vehumet.
 18577 | Lair:2   | Noticed a queen ant
 18582 | Lair:2   | Killed a queen ant
 19167 | D:10     | Bought a pair of embroidered gloves for 130 gold pieces
 19556 | Lair:2   | Reached skill level 5 in Fighting
 19557 | Lair:2   | HP: 8/102 [/static electricity (4)]
 19557 | Lair:2   | HP: 3/102 [killer bee (2)]
 20157 | Lair:2   | Reached skill level 9 in Fire Magic
 20177 | Lair:2   | Learned a level 3 spell: Conjure Flame
 20307 | Lair:2   | Reached skill level 4 in Dodging
 20307 | Lair:2   | Reached ***** piety under Vehumet
 20307 | Lair:2   | Offered knowledge of Conjure Ball Lightning by Vehumet.
 20518 | Lair:2   | Killed a death yak
 20518 | Lair:2   | Reached skill level 8 in Spellcasting
 20518 | Lair:2   | Reached skill level 8 in Air Magic
 20648 | Lair:2   | Killed a death yak
 20878 | Lair:3   | Reached XP level 13. HP: 72/72 MP: 20/25
 20888 | Lair:3   | Learned a level 6 spell: Conjure Ball Lightning
 21212 | Lair:3   | Found a staircase to the Shoals.
 21336 | Lair:3   | Reached skill level 5 in Staves
 22069 | Lair:4   | Found a dark tunnel.
 22188 | Volcano  | Entered a volcano
 22779 | Volcano  | Found a bloodstained altar of Trog.
 23288 | Lair:3   | Reached skill level 4 in Charms
 24196 | Lair:2   | Reached skill level 1 in Evocations
 24686 | Lair:4   | Reached skill level 6 in Fighting
 25201 | Lair:4   | Reached skill level 9 in Spellcasting
 25205 | Lair:4   | Reached skill level 2 in Evocations
 25225 | Lair:4   | Reached skill level 5 in Dodging
 25678 | Lair:4   | Found a staircase to the Snake Pit.
 25814 | Lair:4   | Found a bloodstained altar of Trog.
 26489 | Lair:4   | Reached skill level 6 in Staves
 26489 | Lair:4   | Reached skill level 13 in Conjurations
 26768 | Lair:5   | Gained mutation: Your large and strong wings let you fly indefinitely. [Gargoyle growth]
 26768 | Lair:5   | Reached XP level 14. HP: 45/80 MP: 19/27
 26972 | Lair:4   | Reached skill level 7 in Fighting
 28106 | D:12     | Bought a book of Minor Magic for 300 gold pieces
 28109 | D:12     | Learned a level 2 spell: Blink
 28160 | D:10     | Reached skill level 10 in Fire Magic
 28497 | Lair:5   | Learned a level 1 spell: Apportation
 28499 | Lair:5   | Learned a level 1 spell: Summon Butterflies
 28702 | Lair:5   | Offered knowledge of Airstrike by Vehumet.
 29129 | Lair:6   | Entered Level 6 of the Lair of Beasts
 29436 | Lair:6   | Reached skill level 1 in Summonings
 29725 | Lair:6   | Reached skill level 1 in Translocations
 29725 | Lair:6   | Reached skill level 9 in Air Magic
 30931 | Lair:6   | Learned a level 4 spell: Airstrike
 30931 | Lair:6   | Found a staircase to the Slime Pits.
 31013 | Lair:6   | Reached skill level 10 in Spellcasting
 32352 | Lair:6   | Reached skill level 11 in Spellcasting
 33123 | Lair:5   | Identified a scroll of acquirement
 33233 | D:10     | Learned a level 3 spell: Mephitic Cloud
 33267 | Orc:1    | Entered Level 1 of the Orcish Mines
 33646 | Orc:1    | Offered knowledge of Bolt of Magma by Vehumet.
 33650 | Orc:1    | Reached skill level 1 in Armour
 34024 | Orc:2    | Entered Level 2 of the Orcish Mines
 34225 | Orc:2    | Reached skill level 8 in Fighting
 34225 | Orc:2    | Reached skill level 2 in Armour
 34225 | Orc:2    | Reached XP level 15. HP: 31/88 MP: 13/30
 34248 | Orc:2    | Reached skill level 2 in Translocations
 34480 | Orc:2    | Hit by a large rock thrown by a stone giant

Vanquished Creatures
  7 hydras
  A death knight (D:11)
  A catoblepas (Lair:6)
  A queen ant (Lair:2)
  16 death yaks
  A deep troll shaman (Lair:6)
  3 hill giants
  2 lindwurms (Lair:6)
  4 orc knights
  4 orc sorcerers
  A cyclops (D:9)
  A toenail golem (Volcano)
  8 elephants
  5 black mambas
  A smoke demon (Volcano)
  A torpor snail (Lair:5)
  8 spiny frogs
  A gargoyle (D:10)
  4 komodo dragons
  3 rime drakes
  2 yaktaurs (D:12)
  3 trolls
  A queen bee (Lair:2)
  4 polar bears
  10 blink frogs
  A slime creature (Lair:6)
  A spriggan (shapeshifter) (D:12)
  2 wyverns
  29 yaks
  Eustachio (D:4)
  7 basilisks
  5 fire bats
  4 hungry ghosts
  A steam dragon (D:10)
  7 hippogriffs
  3 wargs (Orc:2)
  4 vampire mosquitoes (D:12)
  5 nagas (Lair:4)
  9 water moccasins
  20 soldier ants
  8 porcupines
  A hell hound (Volcano)
  Purgy (D:4)
  7 orc warriors
  9 ice beasts
  3 sky beasts
  A necrophage (D:10)
  A black bear (D:7)
  4 phantoms
  A wasp (D:12)
  An eye of draining (D:12)
  10 ogres
  4 centaurs
  11 wolves (Lair:6)
  9 crocodiles
  2 big kobolds
  Blork the orc (D:3)
  A wyvern zombie (D:12)
  17 giant frogs
  2 scorpions
  34 killer bees
  A howler monkey (D:4)
  An electric eel (Lair:5)
  4 giant frog zombies
  4 crimson imps
  3 lava snakes (Volcano)
  5 hounds
  4 jellies
  A wasp zombie (D:10)
  A centaur skeleton (D:8)
  2 gnoll shamans
  Crazy Yiuf (D:3)
  8 orc priests
  9 orc wizards
  5 iguanas
  21 worker ants
  A howler monkey skeleton (D:9)
  2 worker ant zombies
  16 gnolls
  14 adders
  61 river rats
  2 shadow imps
  2 adder zombies
  3 worms
  2 dart slugs
  9 giant geckos
  24 orcs
  15 bats
  5 giant cockroaches
  4 goblins
  8 hobgoblins
  18 jackals
  7 quokkas
  3 ball pythons
  A giant gecko skeleton (D:7)
  10 giant newts
  23 kobolds
  23 rats
  2 bushes
  3 fungi (Lair:6)
  A plant (Lair:1)
649 creatures vanquished.

Vanquished Creatures (collateral kills)
  A gargoyle (D:10)
  A spiny frog (Lair:3)
  A red devil (Volcano)
  2 blink frogs
5 creatures vanquished.

Vanquished Creatures (others)
  9 ball lightnings
  18 fungi
  13 plants
40 creatures vanquished.

Grand Total: 694 creatures vanquished
